Mourne, chaotic male orcish Priest ----- #--------------- ------ |...| #..............| |.....## |)..|`#####|.............| |....| # ----- |{..| #|............<| |....|##### ..).| |....######|.............| ##.....|# # # |....########## |...| #|..............# # |....|########....|# # --.---- -|--- #------------.--### ### |....+# ## |...|# ###|.....| ### #### #(## # # ------# ....|# #.....<| # # # ################# -.-+-# |.^...| ### # ######################## ###### |.{...| # # # # # ### |.$...| ----|-------# ### # #### # |.....| |..........|# f # ### ------- |..........|# #@ ### -.-.- |..........|# ------------@-- # |..(| |...........# |.............. ### |.)%| |........).| |........"....| # |...| ------------ |........>.....##### ----- --------------- Mourne the Acolyte Experience level: 5 Strength: 12 Dexterity: 14 Constitution: 11 Intelligence: 12 Wisdom: 16 Charisma: 11 Health: 0(31) Energy: 40(40) Def: 10 Gold: 173 Moves: 3210 Dungeon seed: LrWYwaNeyeDW_zOV Game ID: Mourne_1520540465 Your Inventory: Coins $ - 173 gold pieces Weapons a - a blessed +1 mace (weapon in hand) Armor e - an uncursed +1 robe (being worn) n - an uncursed +0 orcish shield (being worn) q - an uncursed +0 splint mail (being worn) Comestibles c - an uncursed clove of garlic d - 2 uncursed sprigs of wolfsbane i - 5 uncursed food rations s - an uncursed food ration Potions b - 4 potions of holy water H - a blessed potion of hallucination K - an uncursed potion of full healing Wands r - an uncursed wand of magic missile (0:7) C - an uncursed wand of digging (0:5) J - an uncursed wand of magic missile (0:7) Tools h - an uncursed oil lamp (0:1196) o - a blessed brass lantern (0:1440) F - an uncursed +0 unicorn horn Spells and supernatural/magical abilities: Name Level Category Fail Memory l - light 1 divination 92% 47% n - detect monsters 1 divination 92% 87% t - teleport away 5 escape 100% 49% H - speed monster 3 escape 100% 76% K - cure sickness 3 healing 100% 45% W - pray for help -- divine ? -- X - turn undead -- divine ? -- Your skills at the end: Fighting Skills wands [Basic] Weapon Skills mace [Basic] Spellcasting Skills clerical spells [Basic] Final Attributes: You were disintegration-resistant. You were immune to poison. You had infravision. You last prayed 321 turns ago. You are dead. Vanquished creatures: a quivering blob a gnome king a lizard a white unicorn 3 bugbears a pony a yellow light a gnomish wizard 2 straw golems a kobold lord a hill orc 2 rabid rats a giant bat a wererat an iguana an acid blob a gas spore 3 hobbits a red mold 2 geckos 3 jackals a fox a goblin 2 sewer rats 5 grid bugs 5 lichens 9 newts 53 creatures vanquished. Genocided species: minotaurs 1 species genocided. Voluntary challenges: You had been an atheist until turn 2886. You used a wielded weapon 65 times, starting on turn 4. You read items or engraved 55 times, starting on turn 259. You genocided 1 type of monster, starting on turn 2677. You never polymorphed an object. You never changed form. You used no wishes. You never split a pudding. You never wrote Elbereth's name. You never violated your personal moral code. Dungeon overview: The Dungeons of Doom: levels 1 to 8 Level 1 a fountain, a vault a long staircase Level 2 a fountain a long staircase Level 3 Level 4 a general store, a fountain, a vault Level 5 a general store Level 6 a fountain, a sink Level 7 many fountains Level 8 <- You were here some fountains a long staircase History has recorded: On T:1 you entered the Dungeons of Doom to retrieve the Amulet of Yendor! On T:373 you reached level 2 of The Dungeons of Doom. On T:621 you reached level 3 of The Dungeons of Doom. On T:860 you advanced to experience level 2. On T:878 you reached level 4 of The Dungeons of Doom. On T:1180 you reached level 5 of The Dungeons of Doom. On T:1258 you advanced to experience level 3. On T:1542 you reached level 6 of The Dungeons of Doom. On T:1850 you reached level 7 of The Dungeons of Doom. On T:1912 you advanced to experience level 4. On T:2056 you reached level 8 of The Dungeons of Doom. On T:3111 you advanced to experience level 5. Score breakdown: Gold: 173 ( 7621 points) Experience: 5 levels (11141 points) Exploration: 8 levels ( 17.02%) (11702 points) Discoveries: 12 items ( 4.15%) ( 6113 points) Valuables value: (no points given unless you survive) Artifact value: 0 ( 0 points) Variety of kills: 27 monsters ( 7.11%) ( 7996 points) Turncount: 3210 turns ( -699 points) Survival: died (score multiplied by 80%) Total score: 35099 Latest messages: You miss the quivering blob. You hit the quivering blob! You kill the quivering blob! You see here an uncursed quivering blob corpse. This quivering blob corpse tastes terrible! You finish eating the quivering blob corpse. You feel especially healthy. You must have gained poison resistance. [7 turns] [2 turns] (7x) The Woodland-elf wields a runed broadsword! The kitten bites! [2 turns] The Woodland-elf swings her runed broadsword at you. The Woodland-elf hits! The kitten misses. The Woodland-elf swings her runed broadsword at you. The Woodland-elf hits! The kitten bites! You die... Final status: Goodbye Mourne the Priest, killed by a kitten, while dragging an iron ball... You died in The Dungeons of Doom on dungeon level 8 with 35099 points, and 173 pieces of gold, after 3210 moves. You were level 5 with a maximum of 31 hit points when you died.